 Dungeon Crawl Stone Soup version 0.20.1-1-g8b1a95d (webtiles) character file.

51 slep the Skirmisher (level 3, 0/29 HPs)
             Began as a Demonspawn Abyssal Knight on Oct 29, 2017.
             Was a Follower of Lugonu.
             Slain by an orc
             ... wielding a +0 war axe
              (1 damage)
             ... on level 3 of the Dungeon.
             The game lasted 00:07:38 (1468 turns).

slep the Skirmisher (Demonspawn Abyssal Knight)     Turns: 1468, Time: 00:07:39

Health: 0/29       AC:  5    Str: 12    XL:     3   Next: 57%
Magic:  4/4        EV: 11    Int: 13    God:    Lugonu [*.....]
Gold:   150        SH:  0    Dex: 13    Spells: 2/2 levels left

rFire    . . .     SeeInvis .   a - +1 falchion
rCold    . . .     Gourm    +   (no shield)
rNeg     . . .     Faith    .   b - +0 leather armour
rPois    .         Spirit   .   (no helmet)
rElec    .         Reflect  .   e - +0 cloak
rCorr    .         Harm     .   q - +0 pair of gloves
MR       .....     Rnd*Tele +   (no boots)
Stlth    +.........             n - amulet of the gourmand
Regen    0.1/turn               s - ring of teleportation (curse)
MPRegen  0.1/turn               (no ring)

@: no status effects
A: powered by death 1
a: Depart the Abyss, Renounce Religion


You were on level 3 of the Dungeon.
You worshipped Lugonu.
Lugonu was aware of your devotion.
You were not hungry.

You visited 1 branch of the dungeon, and saw 3 of its levels.
You visited the Abyss 1 time.

You collected 150 gold pieces.

Inventory:

Hand Weapons
 a - a +1 falchion (weapon)
Missiles
 t - a throwing net (quivered)
Armour
 b - a +0 leather armour (worn)
 e - a +0 cloak (worn)
 q - a +0 pair of gloves (worn)
Jewellery
 n - an amulet of the gourmand (around neck)
 s - a cursed ring of teleportation (left hand)
Scrolls
 g - 5 scrolls of identify {unknown}
 k - a scroll of random uselessness {unknown}
 l - a scroll of teleportation {unknown}
 o - a scroll of immolation {unknown}
 p - 2 scrolls of remove curse {unknown}
Potions
 d - a potion of lignification {unknown}
 i - a potion of agility {unknown}
 m - a potion of resistance {unknown}
Comestibles
 c - 2 bread rations
 f - 3 meat rations
 h - a royal jelly


   Skills:
 + Level 3.6 Fighting
 + Level 2.5 Long Blades
 + Level 2.2 Armour
 + Level 1.1 Dodging
 + Level 2.6 Invocations


You had 2 spell levels left.
You didn't know any spells.

Dungeon Overview and Level Annotations

Branches:
Dungeon (3/15)

Altars:
Ru


Innate Abilities, Weirdness & Mutations

You regenerate a little health from kills.


Message History

The orc hits you with a war axe.
You closely miss the orc.
The orc is moderately wounded.
The orc hits you with a war axe.
You hit the orc.
The orc is heavily wounded.
The orc hits you with a war axe.
* * * LOW HITPOINT WARNING * * *
You hit the orc but do no damage.
The orc is heavily wounded.
The orc misses you.
You barely miss the orc.
The orc is heavily wounded.
You hear some strange, mumbled words.
The orc hits you with a war axe!
* * * LOW HITPOINT WARNING * * *
You hit the orc but do no damage.
The orc is heavily wounded.
The orc hits you with a war axe.
You die... #.# #.# #.# #.# .oo

#{#
#o#
#@#
#.#
..#
#..#
#..#
#..#
...#
....


You could see an orc wizard and 2 orcs.

Vanquished Creatures
  An adder (D:3)
  An ooze (D:1)
  2 worms
  A leopard gecko (D:1)
  2 bats (D:1)
  A giant cockroach (D:1)
  5 goblins
  4 hobgoblins
  A quokka (D:2)
  5 frilled lizards
  7 kobolds
  2 rats (D:1)
32 creatures vanquished.

Vanquished Creatures (others)
  2 starspawn tentacles (Abyss:1)
2 creatures vanquished.

Grand Total: 34 creatures vanquished

Notes
Turn   | Place    | Note
-------+----------+-------------------------------------------
     0 | Abyss:1  | slep the Demonspawn Abyssal Knight began the quest for the Orb.
     0 | Abyss:1  | Reached XP level 1. HP: 18/18 MP: 2/2
    76 | Abyss:1  | Found a corrupted altar of Lugonu.
   100 | Abyss:1  | Found a corrupted altar of Lugonu.
   138 | Abyss:1  | Found a corrupted altar of Lugonu.
   187 | Abyss:1  | Noticed a tentacled starspawn
   190 | Abyss:1  | Noticed a worldbinder
   193 | Abyss:1  | Noticed a yaktaur
   193 | Abyss:1  | Noticed an ironheart preserver
   194 | Abyss:1  | Noticed a large abomination
   194 | D:1      | Escaped the Abyss
   320 | D:1      | Gained mutation: You regenerate a little health from kills. [demonic ancestry]
   320 | D:1      | Reached XP level 2. HP: 20/24 MP: 3/3
   333 | D:1      | Reached skill level 1 in Dodging
   390 | D:1      | Reached * piety under Lugonu
   868 | D:2      | Reached XP level 3. HP: 21/29 MP: 4/4
  1398 | D:3      | Found a sacrificial altar of Ru.
  1414 | D:3      | HP: 2/43 [poisoned by an adder]
  1419 | D:3      | HP: 1/43 [poisoned by an adder]
  1467 | D:3      | HP: 1/29 [orc/war axe (7)]
  1468 | D:3      | Slain by an orc

Skill      XL: |  1  2 |
---------------+-------+-----
Armour         | 2 |  2.2
Dodging        | 1 |  1.1
Long Blades    | 2 |  2.5
Fighting       | |  3.6
Invocations    | |  2.6

Action                   || total
-------------------------++-------
Melee: Falchion          ||   123
Invok: Depart the Abyss  ||     1
  Use: Potion            ||     2
  Eat: Chunk             ||     6
Armor: Leather armour    ||    26
Dodge: Dodged            ||    70
       Rpst.: Falchion   ||    24
